 Dungeon Crawl Stone Soup version 0.20.1-1-g8b1a95d (webtiles) character file.

338 empire the Covered (level 6, -3/51 HPs)
             Began as a Minotaur Fighter on July 13, 2017.
             Slain by Pikel
             ... wielding a +2 whip of electrocution
              (20 damage)
             ... on level 4 of the Dungeon.
             The game lasted 00:04:34 (2800 turns).

empire the Covered (Minotaur Fighter)               Turns: 2800, Time: 00:04:35

Health: -3/51      AC:  9    Str: 22    XL:     6   Next: 29%
Magic:  5/5        EV:  7    Int:  5    God:
Gold:   47         SH:  9    Dex: 10    Spells: 5/5 levels left

rFire    . . .     SeeInvis .   a - +0 long sword
rCold    . . .     Gourm    .   c - +0 shield
rNeg     . . .     Faith    .   b - +0 scale mail
rPois    .         Spirit   .   (helmet restricted)
rElec    .         Reflect  .   t - +0 cloak
rCorr    .         Harm     .   (no gloves)
MR       .....                  (no boots)
Stlth    ..........             (no amulet)
Regen    0.2/turn               (no ring)
MPRegen  0.1/turn               (no ring)

@: no status effects
A: retaliatory headbutt, horns 2
a: no special abilities


You were on level 4 of the Dungeon.
You were not hungry.

You visited 1 branch of the dungeon, and saw 4 of its levels.

You collected 47 gold pieces.

Inventory:

Hand Weapons
 a - a +0 long sword (weapon)
Armour
 b - a +0 scale mail (worn)
 c - a +0 shield (worn)
 t - a +0 cloak (worn)
Jewellery
 r - an uncursed ring of magical power {unknown}
 x - an uncursed ring of poison resistance {unknown}
Wands
 s - a wand of paralysis (19/24)
 u - a wand of acid (6/15)
Scrolls
 e - 5 scrolls of remove curse
 g - a scroll of recharging {unknown}
 h - a scroll of magic mapping {unknown}
 j - a scroll of random uselessness {unknown}
 k - 2 scrolls of immolation
 m - a scroll of amnesia {unknown}
 v - a scroll of teleportation {unknown}
Potions
 i - a potion of brilliance {unknown}
 n - a potion of flight
 o - a potion of resistance {unknown}
 p - a potion of curing {unknown}
 q - a potion of haste {unknown}
Comestibles
 f - 3 bread rations
 l - a meat ration


   Skills:
 - Level 3.6 Fighting
 - Level 5.2 Long Blades
 + Level 7.1 Armour
 - Level 3.6 Shields


You had 5 spell levels left.
You didn't know any spells.

Dungeon Overview and Level Annotations

Branches:
Dungeon (4/15)
 Temple: D:4-7

Altars:

Annotations:
D:4 Pikel


Innate Abilities, Weirdness & Mutations

You reflexively headbutt those who attack you in melee.
You have a pair of horns on your head.


Message History

Pikel hits you with a whip of electrocution.
A slave comes into view.
You hit Pikel but do no damage.
Pikel is heavily wounded.
Pikel hits you with a whip of electrocution.
You closely miss Pikel. Your headbutt misses Pikel.
Pikel is heavily wounded.
Pikel hits you with a whip of electrocution.
You block Pikel's attack.
You closely miss Pikel.
Pikel is heavily wounded.
You block Pikel's attack.
A giant cockroach comes into view.
You completely miss Pikel.
Pikel is heavily wounded.
The giant cockroach moves out of view.
Pikel hits you but does no damage.
You hit Pikel. Your headbutt misses Pikel.
Pikel is heavily wounded.
Pikel hits you but does no damage.
You are electrocuted!
You die...

#.#########
#.#.......# .
#.#.......# ..
#.#.......# ...
#.#.......# ...
#.#.......# #..
#.'.......+
#..p######.......#
+.ppK@...'.......+
#.sp######.......#
#.. #.......# #.
#.......# ..
#(......# ..
#.......# .
#.......# #######


You could see Pikel, 4 slaves and a giant cockroach.

Vanquished Creatures
  A centaur (D:3)
  2 orc priests
  2 orc wizards (D:4)
  An iguana (D:4)
  3 adders
  2 oozes (D:1)
  2 worms (D:3)
  3 leopard geckos
  3 orcs (D:3)
  9 hobgoblins
  A quokka (D:3)
  2 ball pythons (D:1)
  9 bats
  7 frilled lizards
  10 goblins
  A jackal skeleton (D:3)
  10 kobolds
  6 rats
74 creatures vanquished.

Notes
Turn   | Place    | Note
-------+----------+-------------------------------------------
     0 | D:1      | empire the Minotaur Fighter began the quest for the Orb.
     0 | D:1      | Reached XP level 1. HP: 19/19 MP: 0/0
    41 | D:1      | Reached XP level 2. HP: 22/26 MP: 1/1
   353 | D:1      | Reached XP level 3. HP: 31/31 MP: 2/2
  1259 | D:2      | Reached skill level 5 in Long Blades
  1346 | D:2      | Reached XP level 4. HP: 32/39 MP: 3/3
  1788 | D:3      | Reached skill level 4 in Armour
  2163 | D:3      | Reached skill level 5 in Armour
  2234 | D:3      | Reached XP level 5. HP: 45/45 MP: 4/4
  2244 | D:3      | Noticed a centaur
  2256 | D:3      | Killed a centaur
  2256 | D:3      | Reached skill level 6 in Armour
  2460 | D:4      | Reached XP level 6. HP: 36/51 MP: 5/5
  2474 | D:4      | HP: 2/51 [something (2)]
  2786 | D:4      | Noticed a slave
  2788 | D:4      | Noticed Pikel
  2788 | D:4      | Reached skill level 7 in Armour
  2790 | D:4      | Noticed a slave
  2792 | D:4      | Noticed a slave
  2796 | D:4      | Noticed a slave
  2800 | D:4      | Slain by Pikel

Skill      XL: |  1  2  3  4  5  6 |
---------------+-------------------+-----
Long Blades    | 3 4 5 |  5.2
Armour         | 5 6 7 |  7.1
Fighting       | |  3.6
Shields        | |  3.6

Action                   |  1- 3 |  4- 6 || total
-------------------------+-------+-------++-------
Melee: Long sword        |    97 |   109 ||   206
       Headbutt          |     9 |    21 ||    30
  Use: Scroll            |       |     2 ||     2
       Potion            |       |     2 ||     2
  Eat: Chunk             |     1 |     5 ||     6
Armor: Scale mail        |    32 |    49 ||    81
Dodge: Dodged            |    28 |    27 ||    55
Block: Shield            |    56 |    42 ||    98
       Rpst.: Long sword |     4 |    10 ||    14
